AoeStats
← a.l.a.n.t

Black Forest

505515816Analyzed
2v2 RM · 22d ago on Sep 9, 2026· 67m 2s· 4 players
Game mode
Random Map
Map size
Medium (4 player)
Population
200
Speed
Normal
Resources
Standard
Victory
Conquest
Starting age
Dark Age
Ending age
Imperial Age
RankedLock teamsTeams togetherTeam positionsShared explorationLock speedFull tech treeHidden civsTurbo modeCheats
Victory
Defeat
🇬🇧 Portuguese · United Kingdom
1326
+10
🇮🇶 Dravidians · Iraq
1158
+18
🇦🇷 Goths · Argentina
1194
-14
🇦🇷 Poles · Argentina
1192
-14
MonoH
0:46 Loom
14:49 Feudal Age
19:36 Castle Age
18:07 Double-Bit Axe
18:24 Horse Collar
28:00 Fletching
33:54 Heavy Plow
34:07 Bow Saw
34:41 Szlachta Privileges
38:44 Bloodlines
38:34 Husbandry
38:42 Scale Barding Armor
38:49 Forging
39:14 Light Cavalry
40:16 Chain Barding Armor
42:51 Imperial Age
40:57 Wheelbarrow
40:08 Town Watch
43:06 Cavalier
43:07 Winged Hussar
47:50 Iron Casting
49:11 Conscription
50:19 Caravan
51:35 Onager
56:39 Blast Furnace
64:17 Lechitic Legacy
ChinoR
13:12 Feudal Age
16:15 Wheelbarrow
15:30 Loom
16:24 Wheelbarrow
18:12 Castle Age
15:57 Horse Collar
16:19 Double-Bit Axe
17:03 Horse Collar
19:38 Bow Saw
26:46 Heavy Plow
30:03 Wheelbarrow
29:13 Town Watch
32:58 Imperial Age
31:10 Wheelbarrow
30:46 Anarchy
31:12 Gold Mining
31:10 Pikeman
31:50 Squires
32:23 Hand Cart
32:09 Town Patrol
32:35 Forging
32:25 Scale Mail Armor
34:18 Conscription
34:49 Elite Huskarl
35:34 Halberdier
38:08 Perfusion
39:12 Town Patrol
40:11 Man-at-Arms
41:24 Chain Mail Armor
41:44 Iron Casting
40:49 Long Swordsman
41:55 Two-Handed Swordsman
42:15 Champion
50:33 Caravan
58:37 Crop Rotation
65:39 Scale Barding Armor
a.l.a.n.t
0:35 Loom
14:44 Feudal Age
19:00 Castle Age
18:01 Double-Bit Axe
21:53 Bow Saw
22:27 Horse Collar
29:05 Fishing Lines
32:24 Imperial Age
30:30 Wheelbarrow
29:41 Town Watch
32:00 Gillnets
34:14 Chemistry
33:25 Fortified Wall
33:24 Siege Engineers
33:10 Elite Organ Gun
34:12 Gold Mining
34:55 Arquebus
35:54 Conscription
35:38 Town Patrol
41:40 Coinage
45:27 Banking
44:52 Pikeman
45:37 Scale Mail Armor
48:36 Caravan
48:15 Halberdier
49:15 Chain Mail Armor
63:37 Fletching
63:45 Murder Holes
65:50 Sappers
aryaszahir958
0:28 Loom
14:55 Feudal Age
15:31 Horse Collar
15:39 Double-Bit Axe
19:49 Castle Age
23:21 Scale Mail Armor
31:36 Gold Mining
31:37 Stone Mining
32:03 Bow Saw
32:58 Wheelbarrow
36:51 Imperial Age
35:13 Fletching
35:24 Padded Archer Armor
39:13 Heavy Plow
40:56 Chemistry
41:05 Fortified Wall
40:44 Elite Elephant Archer
42:32 Elite Urumi Swordsman
43:37 Chain Mail Armor
43:30 Bodkin Arrow
43:50 Leather Archer Armor
42:57 Heavy Scorpion
44:50 Plate Mail Armor
44:34 Forging
51:07 Pikeman
51:48 Squires
51:35 Arson
51:37 Gambesons
53:30 Bracer
54:01 Ring Archer Armor
53:11 Halberdier
57:51 Iron Casting
Connection lost

Rejoining the realm…

Still unreachable

The connection could not be restored.

Session expired

The server has moved on; the page needs a fresh start.